Map: [ESL] Moondance

Players

Spirit - Winner!

  • Race: Terran Terran
  • Spawn Location: 6:00

NightMare

  • Race: Protoss Protoss
  • Spawn Location: 12:00

Event: DreamHack SC2 Masters 2022 Valencia

VOD

Have the link to the VOD?

Description

Time

  • Played on: July 2, 2022, 4:31 a.m.
  • Length: 21:48

All games in this series

Show
View Real Time Build Order
Export as new Build Order

Spirit Terran - Winner!

Build Orders:  

Get SALT Encoding   

  12  0:00  SCV  
  13  0:12  SCV  
  14  0:18  Supply Depot  
  14  0:24  SCV  
  15  0:40  SCV  
  15  0:41  Barracks  
  16  0:52  SCV  
  16  0:53  Refinery  
  17  1:01  Engineering Bay  
  18  1:04  SCV  
  18  1:16  SCV  
  19  1:29  Orbital Command, Marine  
  20  1:47  Barracks Reactor  
  20  1:56  SCV  
  21  2:03  Command Center  
  21  2:12  SCV, Supply Depot  
  22  2:21  Bunker  
  22  2:24  Factory  
  22  2:25  SCV  
  23  2:34  Marine x2  
  26  2:37  SCV  
  26  2:49  SCV  
  27  2:51  Marine  
  27  2:58  Marine  
  28  3:01  SCV  
  29  3:09  Factory Tech Lab, Marine  
  29  3:15  SCV, Marine  
  29  3:27  Marine  
  29  3:39  SCV  
  30  3:49  Orbital Command  
  30  3:51  SCV, Marine x2  
  32  3:55  Command Center  
  32  3:58  Siege Tank  
  32  4:02  Barracks  
  35  4:03  SCV  
  35  4:05  Refinery  
  36  4:15  SCV  
  36  4:16  SCV  
  38  4:19  Marine  
  38  4:20  Supply Depot  
  37  4:26  Marine  
  37  4:27  SCV  
  37  4:28  SCV  
  37  4:31  Siege Tank  
  40  4:37  Marine  
  41  4:39  SCV, Supply Depot  
  41  4:44  Engineering Bay, Marine  
  44  4:50  Barracks Tech Lab  
  44  4:51  SCV  
  44  4:55  SCV, Marine  
  44  4:58  Barracks  
  46  5:03  SCV  
  46  5:05  Siege Tank  
  50  5:07  SCV  
  50  5:08  Stimpack  
  50  5:12  Orbital Command  
  51  5:15  Marine  
  51  5:16  Marine  
  51  5:19  Marine  
  51  5:21  SCV  
  55  5:23  SCV  
  55  5:28  Missile Turret  
  56  5:33  SCV, Marine  
  58  5:35  SCV  
  58  5:36  Terran Infantry Weapons Level 1  
  58  5:38  SCV  
  60  5:45  SCV  
  60  5:47  SCV, Starport  
  62  5:50  SCV  
  62  5:52  Refinery  
  62  5:53  Barracks Tech Lab  
  63  5:57  SCV  
  63  5:58  Refinery  
  63  5:59  Supply Depot  
  63  6:00  SCV  
  63  6:02  SCV  
  68  6:09  SCV  
  68  6:10  Command Center  
  67  6:12  SCV  
  67  6:14  Combat Shield  
  67  6:15  Marauder  
  70  6:19  SCV  
  70  6:23  Supply Depot  
  70  6:24  SCV  
  73  6:26  Starport Reactor  
  73  6:28  Marine  
  73  6:29  Marauder  
  73  6:31  SCV  
  77  6:36  SCV  
  77  6:37  Marauder  
  77  6:39  Marine  
  80  6:40  SCV  
  80  6:42  Barracks x2  
  80  6:43  SCV  
  80  6:44  Refinery  
  80  6:46  Supply Depot  
  82  6:48  SCV, Siege Tank, Concussive Shells  
  82  6:50  Marauder  
  88  6:55  SCV, Marine  
  88  6:57  Marine  
  88  6:59  SCV  
  88  7:00  SCV  
  88  7:02  Viking, Medivac  
  93  7:08  Marauder  
  93  7:12  Supply Depot  
  93  7:14  Supply Depot  
  93  7:16  Supply Depot  
  93  7:17  Supply Depot  
  93  7:27  SCV x3, Siege Tank, Marine  
  100  7:30  Marine  
  94  7:37  Marine x2  
  94  7:39  SCV x3  
  86  7:45  Marine  
  86  7:48  Marine  
  86  7:49  Medivac  
  86  7:51  SCV x2, Medivac  
  90  7:54  SCV  
  90  7:55  Barracks Tech Lab, Marine x2  
  94  8:01  Terran Infantry Armor Level 1  
  94  8:02  Marine x2  
  94  8:03  SCV x2  
  97  8:06  SCV, Marine  
  97  8:10  Planetary Fortress  
  98  8:13  Marine x2  
  98  8:15  SCV, Marine  
  98  8:17  SCV  
  98  8:18  SCV  
  98  8:19  Medivac  
  105  8:20  Marine  
  105  8:21  Marauder  
  105  8:23  Marine  
  96  8:27  SCV  
  96  8:29  SCV  
  96  8:30  Marine x2  
  96  8:32  Marine  
  90  8:38  Marine  
  90  8:41  SCV x3, Marine  
  90  8:42  Marine  
  93  8:48  SCV, Marine x2  
  93  8:49  Ghost Academy  
  93  8:50  Siege Tank, Marine  
  93  8:53  Viking, SCV x3  
  105  8:59  Barracks Reactor, Marine x2  
  105  9:01  SCV  
  108  9:04  Medivac  
  108  9:05  Missile Turret  
  108  9:06  Marine x2  
  108  9:07  Refinery, Missile Turret  
  108  9:08  Marine  
  113  9:17  Marine  
  113  9:18  SCV x4, Marauder  
  113  9:22  Medivac  
  113  9:24  Marine, Marauder  
  122  9:26  Marine  
  122  9:30  SCV x4, Siege Tank  
  126  9:35  Marine x2  
  124  9:39  Marine  
  124  9:40  Refinery, Marine  
  124  9:42  Marine  
  124  9:43  Medivac  
  124  9:44  SCV, Marauder  
  132  9:46  Marauder  
  132  9:52  Armory, Marine  
  134  9:53  Marine  
  134  9:57  Marauder  
  133  10:00  Medivac  
  133  10:01  Marine x2  
  133  10:02  Siege Tank  
  133  10:05  Sensor Tower  
  140  10:08  Missile Turret  
  140  10:10  Marine, Marauder x2  
  140  10:11  Marine  
  140  10:12  Medivac  
  148  10:19  Marine, Marauder  
  144  10:22  Marine  
  144  10:26  Barracks  
  144  10:27  Barracks  
  144  10:28  Marine  
  140  10:29  Marine  
  140  10:30  Barracks  
  140  10:32  Marauder x2  
  146  10:37  Marine  
  146  10:40  Siege Tank  
  146  10:41  Marauder  
  152  10:44  Marine  
  152  10:45  Supply Depot x2  
  140  10:52  Ghost x2  
  122  10:57  Marine x3  
  122  11:02  Marine, Marauder  
  103  11:12  Siege Tank  
  103  11:15  Marine x3  
  99  11:19  Marine  
  99  11:21  Marine, Marauder  
  99  11:23  Marine  
  96  11:33  Marine x3  
  96  11:37  Marine  
  96  11:39  Marine  
  100  11:41  Marine  
  100  11:42  Marine  
  104  11:47  SCV  
  104  11:50  SCV x2  
  106  11:59  SCV  
  110  12:02  Ghost x3, SCV  
  110  12:03  Terran Infantry Weapons Level 2, Marine x2  
  110  12:05  SCV  
  110  12:08  Siege Tank  
  110  12:11  SCV  
  110  12:14  SCV  
  113  12:17  Barracks Tech Lab x3  
  113  12:18  SCV  
  114  12:23  SCV  
  114  12:25  Command Center  
  114  12:27  Marine  
  114  12:29  SCV  
  117  12:30  Ghost  
  117  12:31  Marauder x2  
  117  12:33  Missile Turret  
  123  12:39  Marine  
  123  12:41  Marine  
  123  12:43  Marine, Marauder  
  119  12:48  Marine, Marauder  
  119  12:49  Marine  
  117  12:51  SCV  
  117  12:52  Marine  
  117  12:53  SCV, Marauder  
  114  12:59  SCV  
  110  13:30  Supply Depot  
  110  13:31  Supply Depot  
  110  13:34  Supply Depot  
  110  13:35  Supply Depot  
  101  13:45  Marauder  
  101  13:50  Marauder  
  101  13:51  Marine x2, Marauder, Liberator  
  101  13:52  Siege Tank, Marine x2  
  101  13:53  Liberator  
  101  13:54  Marine, Marauder x2  
  112  14:05  SCV x2  
  112  14:06  Marine  
  112  14:09  SCV, Marine x2  
  116  14:11  Marine, Marauder  
  116  14:12  Marauder  
  116  14:14  Marine  
  120  14:17  SCV  
  120  14:22  SCV x2  
  120  14:24  Marine  
  124  14:30  SCV  
  125  14:34  SCV  
  125  14:38  Marine, Marauder  
  123  14:47  Marauder  
  123  14:49  Marauder  
  125  14:55  Marine x2  
  125  14:57  Medivac x2  
  120  15:06  Missile Turret x2  
  111  15:09  Supply Depot  
  111  15:10  Supply Depot  
  111  15:21  Supply Depot  
  111  15:30  Ghost  
  111  15:31  Medivac x2  
  111  15:32  SCV, Siege Tank  
  111  15:35  SCV x2  
  123  15:39  Refinery  
  123  15:40  Ghost  
  125  15:54  Ghost  
  127  15:58  Marine  
  127  15:59  Marauder  
  127  16:01  Medivac  
  127  16:02  Marine  
  133  16:13  Supply Depot  
  133  16:15  Marine x2, Supply Depot  
  136  16:36  Ghost x4  
  136  16:37  Marine  
  140  16:42  Terran Infantry Armor Level 2  
  140  16:44  Marine  
  140  16:46  Marine  
  141  16:51  Marine  
  142  16:55  Marine  
  142  16:58  Marauder  
  141  17:05  Marine x5  
  141  17:07  Marine  
  141  17:08  Marine  
  148  17:10  Marine  
  148  17:14  Command Center  
  148  17:15  Marine  
  152  17:23  Marine x2  
  152  17:26  Marine  
  155  17:31  Marauder  
  157  17:39  Marauder  
  157  17:41  Supply Depot x2  
  157  17:52  Marine x2  
  157  17:53  Marine  
  157  17:55  Siege Tank  
  157  17:56  Marine x2  
  157  18:04  Marine, Marauder  
  147  18:15  Marine  
  147  18:19  Marine  
  142  18:23  Ghost x2, Marine  
  146  18:27  Siege Tank  
  146  18:29  SCV x2  
  146  18:31  SCV  
  146  18:42  Marine  
  146  18:43  Ghost, Marine  
  150  18:57  Viking  
  151  19:08  Marauder  
  153  19:12  Orbital Command  
  153  19:13  Marine  
  153  19:14  Marauder  
  153  19:15  Marine  
  150  19:18  Marine, Marauder  
  150  19:24  Marine  
  150  19:25  Marauder  
  153  19:32  Marine  
  153  19:33  Marauder  
  153  19:35  Marine  
  157  19:48  Marine  
  157  19:50  Marine  
  129  19:57  Ghost  
  127  20:06  SCV  
  127  20:08  SCV  
  128  20:17  Marine, Marauder  
  129  20:23  Orbital Command, Siege Tank  
  132  20:30  Marine  
  132  20:31  Marauder  
  130  20:48  Marine, Marauder  
  130  20:49  Marine  
  130  20:56  Marine  
  121  20:58  Marine  
  121  20:59  Marauder  
  124  21:06  Marine  
  124  21:07  Marauder  
  124  21:08  Medivac x2  
  131  21:12  Marine  
  131  21:15  Marine  
  131  21:16  Marine  
  132  21:19  Marine  
  132  21:23  Marauder  
  135  21:26  Marauder  
  135  21:28  Marine  
Show
View Real Time Build Order
Export as new Build Order

NightMare Protoss 

Build Orders: Blink Stalkers 

Get SALT Encoding   

  12  0:00  Probe  
  13  0:12  Probe  
  14  0:17  Pylon  
  14  0:24  Probe (Chrono Boost)  
  15  0:36  Probe (Chrono Boost)  
  15  0:38  Gateway  
  16  0:44  Probe (Chrono Boost)  
  16  0:47  Assimilator  
  17  0:51  Probe  
  18  1:03  Probe  
  19  1:15  Probe  
  20  1:25  Cybernetics Core  
  20  1:26  Zealot  
  20  1:31  Probe  
  23  1:37  Pylon  
  23  1:42  Assimilator  
  23  1:55  Probe  
  23  2:00  Adept (Chrono Boost)  
  24  2:03  Warp Gate  
  24  2:07  Probe  
  26  2:19  Probe  
  26  2:22  Nexus  
  27  2:23  Adept  
  29  2:31  Probe  
  29  2:36  Twilight Council  
  30  2:44  Pylon  
  30  2:46  Probe  
  31  3:02  Probe  
  32  3:07  Blink (Chrono Boost)  
  32  3:14  Probe  
  33  3:26  Probe  
  30  3:38  Probe  
  30  3:40  Probe, Gateway  
  32  3:43  Robotics Facility  
  32  3:44  Gateway  
  32  3:50  Probe  
  32  3:53  Stalker, Probe  
  37  4:02  Probe  
  37  4:05  Probe  
  37  4:08  Forge  
  37  4:09  Assimilator  
  38  4:15  Probe  
  38  4:17  Probe  
  38  4:18  Stalker  
  39  4:27  Probe (Chrono Boost)  
  39  4:29  Probe (Chrono Boost)  
  39  4:31  Observer  
  40  4:41  Probe (Chrono Boost)  
  40  4:44  Nexus  
  40  4:45  Probe (Chrono Boost)  
  42  4:48  Probe (Chrono Boost)  
  42  4:51  Probe (Chrono Boost)  
  42  4:52  Observer  
  45  4:53  Protoss Ground Weapons Level 1 (Chrono Boost)  
  45  4:59  Stalker  
  47  5:03  Probe x2  
  49  5:08  Charge (Chrono Boost)  
  49  5:12  Pylon  
  49  5:13  Pylon  
  49  5:16  Observer  
  49  5:17  Probe  
  49  5:18  Probe  
  52  5:30  Gateway  
  52  5:32  Gateway  
  52  5:34  Gateway  
  52  5:38  Gateway  
  52  5:45  Gateway  
  52  5:47  Probe x2  
  54  5:53  Warp Prism (Chrono Boost)  
  56  5:57  Probe  
  56  5:59  Probe  
  56  6:01  Probe  
  59  6:12  Stalker x3  
  59  6:14  Probe  
  59  6:15  Probe  
  59  6:17  Probe  
  68  6:26  Probe  
  68  6:27  Probe  
  68  6:29  Pylon, Probe  
  71  6:34  Observer  
  72  6:40  Zealot x5  
  72  6:43  Pylon  
  72  6:46  Probe x3  
  85  6:48  Protoss Ground Armor Level 1 (Chrono Boost)  
  85  6:53  Pylon  
  85  7:08  Robotics Bay  
  85  7:14  Zealot x5  
  95  7:24  Nexus  
  95  7:31  Zealot x3  
  95  7:35  Zealot x3  
  99  7:37  Zealot x2  
  99  7:39  Probe x2  
  99  7:40  Probe  
  90  7:45  Observer  
  84  7:54  Pylon, Colossus (Chrono Boost)  
  84  7:56  Gateway  
  84  7:57  Extended Thermal Lance  
  90  7:59  Zealot x3  
  90  8:01  Zealot  
  96  8:07  Probe x2  
  96  8:08  Probe  
  97  8:18  Zealot x2  
  97  8:19  Zealot x4  
  95  8:27  Observer  
  95  8:28  Zealot x2  
  83  8:40  Colossus (Chrono Boost)  
  83  8:42  Probe x4  
  83  8:45  Zealot x4  
  101  8:55  Zealot x3  
  101  8:56  Protoss Ground Weapons Level 2 (Chrono Boost), Zealot x2  
  111  9:03  Pylon  
  111  9:09  Pylon  
  111  9:13  Zealot x4  
  113  9:20  Stalker x2  
  113  9:21  Stalker x3  
  115  9:37  Probe x2  
  113  9:39  Photon Cannon  
  113  9:41  Stalker x4  
  113  9:43  Zealot x2  
  113  9:44  Zealot  
  113  9:45  Zealot  
  129  9:51  Stalker  
  117  9:55  Probe (Chrono Boost)  
  117  9:57  Probe x3 (Chrono Boost)  
  122  10:07  Probe (Chrono Boost)  
  122  10:09  Stalker x4  
  122  10:14  Probe x3 (Chrono Boost)  
  133  10:15  Probe (Chrono Boost)  
  114  10:30  Zealot x5  
  114  10:33  Zealot x2  
  114  10:34  Zealot x2  
  130  10:38  Probe x2  
  130  10:39  Probe x2  
  122  10:55  Zealot x4  
  122  10:56  Zealot  
  122  10:57  Zealot x3  
  109  11:10  Stalker  
  96  11:20  Zealot x6  
  96  11:21  Stalker  
  101  11:31  Zealot  
  82  11:40  Probe x2  
  82  11:41  Probe  
  82  11:42  Stalker x4  
  87  11:53  Probe x2 (Chrono Boost)  
  87  11:54  Probe (Chrono Boost)  
  90  11:58  Colossus (Chrono Boost)  
  96  12:04  Probe x3 (Chrono Boost)  
  99  12:11  Probe (Chrono Boost)  
  99  12:13  Probe (Chrono Boost)  
  102  12:16  Observer, Probe (Chrono Boost)  
  102  12:23  Pylon  
  102  12:24  Pylon  
  102  12:25  Probe (Chrono Boost)  
  102  12:29  Probe (Chrono Boost)  
  105  12:31  Probe (Chrono Boost)  
  105  12:35  Probe (Chrono Boost)  
  104  12:44  Colossus (Chrono Boost)  
  84  13:06  Observer  
  84  13:08  Stalker x8  
  84  13:09  Stalker  
  92  13:22  Nexus  
  92  13:24  Shield Battery  
  92  13:32  Sentry x3  
  92  13:33  Zealot x3  
  104  13:38  Stalker  
  106  13:42  Stalker  
  106  13:47  Zealot  
  98  13:56  Zealot x4  
  106  14:06  Zealot x2  
  110  14:12  Dark Shrine  
  100  14:40  Nexus, Pylon  
  96  14:50  Disruptor (Chrono Boost)  
  84  15:01  Stalker  
  84  15:02  Stalker x2  
  88  15:08  Observer  
  88  15:10  Stalker  
  88  15:13  Observer  
  90  15:18  Disruptor (Chrono Boost)  
  92  15:30  Dark Templar  
  94  15:48  Shield Battery  
  94  15:50  Pylon  
  90  16:28  Disruptor (Chrono Boost)  
  90  16:30  Zealot  
  90  16:31  Nexus  
  87  16:33  Zealot x3  
  87  16:34  Zealot  
  95  16:40  Robotics Facility  
  94  16:49  Probe x2  
  94  16:51  Pylon  
  96  16:58  Disruptor (Chrono Boost)  
  96  17:03  Protoss Ground Armor Level 2, Shield Battery  
  96  17:05  Probe  
  96  17:06  Probe  
  101  17:19  Zealot x2  
  101  17:20  Observer  
  103  17:30  Stalker  
  103  17:36  Pylon  
  105  17:44  Zealot x3  
  111  17:57  Zealot x3  
  103  18:06  Zealot  
  103  18:11  Stalker x3  
  105  18:22  Stalker  
  105  18:24  Zealot x2  
  105  18:26  Probe x3  
  108  18:49  Zealot x5  
  116  19:01  Zealot x3  
  122  19:05  Zealot  
  115  19:27  Nexus  
  111  19:46  Observer  
  74  20:15  Probe  
  75  20:21  Disruptor (Chrono Boost)  
  76  20:53  Zealot  
  78  21:02  Probe x2  
  79  21:05  Observer  
  78  21:17  Probe x2 (Chrono Boost)  
  80  21:29  Probe x2 (Chrono Boost)  

Tags
 
Add a new tag
Caveats
  • Supply blocks, unpowered buildings, or Contaminate may cause inaccurate times.
  • Supply counts are checked every 10 seconds.